| TOP OF THE 1ST |
|
Atlanta Braves batting - Pitching for Cincinnati Reds : LHP Jeff Baker
|
|
Pitching: LHP Jeff Baker
|
|
|
Batting: RHB Liangde Li
|
0-0: Ball 1-0: Ball 2-0: Called Strike 2-1: Ground out 5-3 (Groundball, 56S, EV 78.1 MPH)
|
|
Batting: LHB Seth Cook
|
0-0: SOLO HOME RUN (Flyball, 89XD, EV 109.4 MPH), Distance : 432 ft
|
|
Batting: RHB Jeckel Hester
|
0-0: Called Strike 0-1: Ball 1-1: Called Strike 1-2: Strikes out swinging
|
|
Batting: RHB Jake Lang
|
0-0: Fly out, F7 (Flyball, 7, EV 83.8 MPH)
|
| Top of the 1st over - 1 run, 1 hit, 0 errors, 0 left on base; Atlanta 1 - Cincinnati 0 |
| BOTTOM OF THE 1ST |
|
Cincinnati Reds batting - Pitching for Atlanta Braves : RHP Bryce Schimmoeller
|
|
Pitching: RHP Bryce Schimmoeller
|
|
|
Batting: LHB Satoru Handa
|
0-0: Ball 1-0: DOUBLE (Line Drive, 7LM, EV 103.8 MPH)
|
|
Batting: LHB Jesus Lozano
|
0-0: Called Strike 0-1: 2-RUN HOME RUN (Flyball, 7D, EV 111.9 MPH), Distance : 419 ft
|
|
Batting: LHB Sean Geisler
|
0-0: Called Strike 0-1: SINGLE (Groundball, 25, EV 63.8 MPH) (infield hit)
|
|
Batting: LHB Jake Bill
|
0-0: Ball 1-0: Ball Wild Pitch! Sean Geisler to second 2-0: Called Strike 2-1: Ball Wild Pitch! Sean Geisler to third 3-1: Foul Ball, location: 2F 3-2: DOUBLE (Flyball, 8RXD, EV 108.1 MPH) Sean Geisler scores
|
|
Batting: LHB Jon Ledesma
|
0-0: Swinging Strike 0-1: 2-RUN HOME RUN (Flyball, 9D, EV 96.9 MPH), Distance : 372 ft
|
|
Batting: LHB Shawn Morrison
|
0-0: Swinging Strike 0-1: Ball 1-1: Called Strike 1-2: Ball 2-2: Fly out, F7 (Flyball, 78S, EV 80.0 MPH)
|
|
Batting: SHB Dave Barefoot
|
0-0: Called Strike 0-1: Ball 1-1: Ball 2-1: Swinging Strike 2-2: Strikes out swinging
|
|
Batting: RHB Willie Lazcano
|
0-0: Called Strike 0-1: Ball 1-1: Foul Ball, location: 2F 1-2: Ground out 4-3 (Groundball, 4, EV 85.0 MPH)
|
| Bottom of the 1st over - 5 runs, 5 hits, 0 errors, 0 left on base; Atlanta 1 - Cincinnati 5 |
| TOP OF THE 2ND |
|
Atlanta Braves batting - Pitching for Cincinnati Reds : LHP Jeff Baker
|
|
Batting: RHB Butch Kaiser
|
0-0: Called Strike 0-1: Ball 1-1: Ground out 6-3 (Groundball, 6, EV 81.9 MPH)
|
|
Batting: RHB John Creel
|
0-0: Fly out, F8 (Flyball, 8LS, EV 72.5 MPH)
|
|
Batting: LHB Colin Worthington
|
0-0: Swinging Strike 0-1: Swinging Strike 0-2: Strikes out swinging
|
| Top of the 2nd over - 0 runs, 0 hits, 0 errors, 0 left on base; Atlanta 1 - Cincinnati 5 |
| BOTTOM OF THE 2ND |
|
Cincinnati Reds batting - Pitching for Atlanta Braves : RHP Bryce Schimmoeller
|
|
Batting: LHB Andy Arbuckle
|
0-0: Foul Ball, location: 2F 0-1: Ball 1-1: Foul Ball, location: 2F 1-2: SINGLE (Groundball, 34S, EV 65.6 MPH) (infield hit)
|
|
Batting: LHB Satoru Handa
|
0-0: Called Strike 0-1: Ball 1-1: Foul Ball, location: 2F 1-2: Strikes out swinging
|
|
Batting: LHB Jesus Lozano
|
0-0: Called Strike 0-1: Ball Andy Arbuckle is caught stealing 2nd base 2-6 1-1: Ball 2-1: Fly out, F6 (Line Drive, 6, EV 66.9 MPH)
|
| Bottom of the 2nd over - 0 runs, 1 hit, 0 errors, 0 left on base; Atlanta 1 - Cincinnati 5 |
| TOP OF THE 3RD |
|
Atlanta Braves batting - Pitching for Cincinnati Reds : LHP Jeff Baker
|
|
Batting: LHB Davey Schonewille
|
0-0: Called Strike 0-1: Ball 1-1: Called Strike 1-2: Ball 2-2: Ground out 4-3 (Groundball, 4, EV 98.8 MPH)
|
|
Batting: RHB Zach Thomason
|
0-0: Ball 1-0: Ground out 6-3 (Groundball, 6, EV 83.1 MPH)
|
|
Batting: RHB Liangde Li
|
0-0: Ball 1-0: Ball 2-0: Foul Ball, location: 2F 2-1: Ball 3-1: Foul Ball, location: 2F 3-2: Base on Balls
|
|
Batting: LHB Seth Cook
|
0-0: Ball Liangde Li steals 2nd base 1-0: Swinging Strike 1-1: Fly out, F8 (Flyball, 78D, EV 101.3 MPH)
|
| Top of the 3rd over - 0 runs, 0 hits, 0 errors, 1 left on base; Atlanta 1 - Cincinnati 5 |
| BOTTOM OF THE 3RD |
|
Cincinnati Reds batting - Pitching for Atlanta Braves : RHP Bryce Schimmoeller
|
|
Batting: LHB Sean Geisler
|
0-0: Ball 1-0: Called Strike 1-1: Fly out, F6 (Popup, 4M, EV 51.9 MPH)
|
|
Batting: LHB Jake Bill
|
0-0: Ball 1-0: Called Strike 1-1: SINGLE (Groundball, 3D, EV 94.4 MPH)
|
|
Batting: LHB Jon Ledesma
|
0-0: Called Strike 0-1: Ball 1-1: Foul Ball, location: 2F 1-2: Strikes out swinging
|
|
Batting: LHB Shawn Morrison
|
0-0: Ball 1-0: Ground out 2-3 (Groundball, 2R, EV 63.8 MPH)
|
| Bottom of the 3rd over - 0 runs, 1 hit, 0 errors, 1 left on base; Atlanta 1 - Cincinnati 5 |
| TOP OF THE 4TH |
|
Atlanta Braves batting - Pitching for Cincinnati Reds : LHP Jeff Baker
|
|
Batting: RHB Jeckel Hester
|
0-0: Ground out 5-3 (Groundball, 5S, EV 64.4 MPH)
|
|
Batting: RHB Jake Lang
|
0-0: Called Strike 0-1: Swinging Strike 0-2: Hit by Pitch
|
|
Batting: RHB Butch Kaiser
|
0-0: Ball 1-0: Swinging Strike 1-1: Swinging Strike 1-2: Ball 2-2: Ball 3-2: Foul Ball, location: 2F 3-2: Strikes out swinging
|
|
Batting: RHB John Creel
|
0-0: Ball 1-0: Foul Ball, location: 2F 1-1: DOUBLE (Line Drive, 8LXD, EV 106.3 MPH) Jake Lang to third Runner from 3rd tries for Home, SAFE, throw by CF to trailing runner, SAFE at third!
|
|
Batting: LHB Colin Worthington
|
0-0: Fly out, F6 (Line Drive, 6, EV 65.0 MPH)
|
| Top of the 4th over - 1 run, 1 hit, 0 errors, 1 left on base; Atlanta 2 - Cincinnati 5 |
| BOTTOM OF THE 4TH |
|
Cincinnati Reds batting - Pitching for Atlanta Braves : RHP Bryce Schimmoeller
|
|
Batting: SHB Dave Barefoot
|
0-0: Foul Ball, location: 2F 0-1: Hit by Pitch
|
|
Batting: RHB Willie Lazcano
|
0-0: Ball 1-0: Swinging Strike 1-1: Ball 2-1: SINGLE (Line Drive, 3D, EV 106.3 MPH) Dave Barefoot to second
|
|
Pitching: RHP Adam Bonawitz
|
|
|
Batting: LHB Andy Arbuckle
|
0-0: Ball 1-0: Called Strike 1-1: Ball 2-1: Foul Ball, location: 2F 2-2: DOUBLE (Line Drive, 7LS, EV 100.6 MPH) Dave Barefoot scores Willie Lazcano to third
|
|
Batting: LHB Satoru Handa
|
0-0: Ball 1-0: Called Strike 1-1: Swinging Strike 1-2: Ground out 4-3 (Groundball, 34, EV 86.9 MPH) Willie Lazcano scores Andy Arbuckle to third
|
|
Batting: LHB Jesus Lozano
|
0-0: Ball 1-0: Swinging Strike 1-1: Foul Ball, location: 2F 1-2: Ground out 4-3 (Groundball, 4, EV 91.9 MPH) Andy Arbuckle scores
|
|
Batting: LHB Sean Geisler
|
0-0: Ball 1-0: Called Strike 1-1: Foul Ball, location: 2F 1-2: Ball 2-2: Foul Ball, location: 2F 2-2: SINGLE (Line Drive, 89S, EV 105.6 MPH)
|
|
Batting: LHB Jake Bill
|
0-0: Ball Sean Geisler is caught stealing 2nd base 2-6
|
| Bottom of the 4th over - 3 runs, 3 hits, 0 errors, 0 left on base; Atlanta 2 - Cincinnati 8 |
| TOP OF THE 5TH |
|
Atlanta Braves batting - Pitching for Cincinnati Reds : LHP Jeff Baker
|
|
Pitching: RHP David Silva
|
|
|
Batting: LHB Davey Schonewille
|
0-0: Called Strike 0-1: Ball 1-1: Ball 2-1: Ground out 6-3 (Groundball, 6, EV 78.8 MPH)
|
|
Batting: RHB Zach Thomason
|
0-0: Foul Ball, location: 2F 0-1: Ball 1-1: Foul Ball, location: 2F 1-2: SINGLE (Flyball, 89S, EV 94.4 MPH)
|
|
Batting: RHB Liangde Li
|
0-0: Ball 1-0: DOUBLE (Line Drive, 7LM, EV 107.5 MPH) Zach Thomason to third Runner from 3rd tries for Home, SAFE, throw by LF to trailing runner, SAFE at third!
|
|
Batting: LHB Seth Cook
|
0-0: Ball 1-0: Swinging Strike 1-1: Foul Ball, location: 2F 1-2: Strikes out looking
|
|
Batting: RHB Jeckel Hester
|
0-0: Called Strike 0-1: Swinging Strike 0-2: Foul Ball, location: 2F 0-2: Ball 1-2: Foul Ball, location: 2F 1-2: Ball 2-2: Strikes out swinging
|
| Top of the 5th over - 1 run, 2 hits, 0 errors, 1 left on base; Atlanta 3 - Cincinnati 8 |
| BOTTOM OF THE 5TH |
|
Cincinnati Reds batting - Pitching for Atlanta Braves : RHP Adam Bonawitz
|
|
Batting: LHB Jake Bill
|
0-0: Called Strike 0-1: Ball 1-1: Foul Ball, location: 2F 1-2: Foul Ball, location: 2F 1-2: SINGLE (Line Drive, 56, EV 105.0 MPH)
|
|
Batting: LHB Jon Ledesma
|
0-0: Foul Ball, location: 2F 0-1: Called Strike 0-2: Foul Ball, location: 2F 0-2: Ball 1-2: Foul Ball, location: 2F 1-2: Strikes out swinging
|
|
Batting: LHB Shawn Morrison
|
0-0: Called Strike 0-1: Called Strike 0-2: Ground out U3 (Groundball, 3S, EV 61.3 MPH) Jake Bill to second
|
|
Batting: SHB Dave Barefoot
|
0-0: Called Strike 0-1: Swinging Strike 0-2: SINGLE (Flyball, 8RS, EV 91.3 MPH) Jake Bill to third Runner from 3rd tries for Home, throw by CF and OUT! 8-2
|
| Bottom of the 5th over - 0 runs, 2 hits, 0 errors, 1 left on base; Atlanta 3 - Cincinnati 8 |
| TOP OF THE 6TH |
|
Atlanta Braves batting - Pitching for Cincinnati Reds : RHP David Silva
|
|
Batting: RHB Jake Lang
|
0-0: Swinging Strike 0-1: Swinging Strike 0-2: Ball 1-2: Strikes out swinging
|
|
Batting: RHB Butch Kaiser
|
0-0: Foul Ball, location: 2F 0-1: Ball 1-1: Ground out U3 (Groundball, 13, EV 80.0 MPH)
|
|
Batting: RHB John Creel
|
0-0: Ball 1-0: Ball 2-0: SINGLE (Line Drive, 56D, EV 101.9 MPH)
|
|
Batting: LHB Colin Worthington
|
0-0: Ball 1-0: Ground out 4-3 (Groundball, 4, EV 87.5 MPH)
|
| Top of the 6th over - 0 runs, 1 hit, 0 errors, 1 left on base; Atlanta 3 - Cincinnati 8 |
| BOTTOM OF THE 6TH |
|
Cincinnati Reds batting - Pitching for Atlanta Braves : RHP Adam Bonawitz
|
|
Batting: RHB Willie Lazcano
|
0-0: Ball 1-0: SOLO HOME RUN (Flyball, 7D, EV 109.4 MPH), Distance : 448 ft
|
|
Batting: LHB Andy Arbuckle
|
0-0: Ball 1-0: SINGLE (Groundball, 34S, EV 64.4 MPH) (infield hit)
|
|
Pinch Hitting: RHB Fred Slade
|
0-0: Fielders Choice at 2nd, 2-6 (Groundball, 13S, EV 70.6 MPH)
|
|
Pinch Hitting: RHB Tom Beckman
|
0-0: Called Strike 0-1: Called Strike 0-2: Ball 1-2: Ball 2-2: Ball 3-2: Foul Ball, location: 2F 3-2: Base on Balls Fred Slade to second
|
|
Batting: LHB Sean Geisler
|
0-0: Ball 1-0: Fly out, F3 (Line Drive, 3, EV 70.6 MPH) Lined into DP, 3-6 (Line Drive, 3, EV 71.3 MPH)
|
| Bottom of the 6th over - 1 run, 2 hits, 0 errors, 1 left on base; Atlanta 3 - Cincinnati 9 |
| TOP OF THE 7TH |
|
Atlanta Braves batting - Pitching for Cincinnati Reds : RHP David Silva
|
|
Now at 2B: Tom Beckman
|
|
|
Now in LF: Fred Slade
|
|
|
Batting: LHB Davey Schonewille
|
0-0: Ball 1-0: Called Strike 1-1: Foul Ball, location: 2F 1-2: Strikes out swinging
|
|
Pitching: RHP Westin Silveira
|
|
|
Batting: RHB Zach Thomason
|
0-0: Ball 1-0: Called Strike 1-1: Called Strike 1-2: Ball 2-2: Strikes out looking
|
|
Pinch Hitting: LHB Tom Best
|
0-0: Ball 1-0: Called Strike 1-1: Ball 2-1: Foul Ball, location: 2F 2-2: Ball 3-2: DOUBLE (Groundball, 3L, EV 96.9 MPH)
|
|
Batting: LHB Seth Cook
|
0-0: Fly out, F9 (Flyball, 89D, EV 87.5 MPH)
|
| Top of the 7th over - 0 runs, 1 hit, 0 errors, 1 left on base; Atlanta 3 - Cincinnati 9 |
| BOTTOM OF THE 7TH |
|
Cincinnati Reds batting - Pitching for Atlanta Braves : RHP Adam Bonawitz
|
|
Now in CF: Davey Schonewille
|
|
|
Now in RF: Tom Best
|
|
|
Batting: SHB Saulo Maina
|
0-0: Ball 1-0: Reached on error, E6 (Groundball, 4MD, EV 95.0 MPH)
|
|
Pitching: RHP Brent Garland
|
|
|
Pinch Hitting: RHB Willie Cardamone
|
0-0: Foul Ball, location: 2F 0-1: Ball 1-1: SINGLE (Groundball, 56D, EV 102.5 MPH) Saulo Maina to third Runner from 3rd tries for Home, SAFE, throw by LF to home
|
|
Pinch Hitting: LHB Randy Racine
|
0-0: Called Strike 0-1: Foul Ball, location: 2F 0-2: Strikes out swinging
|
|
Pinch Hitting: RHB Casey Truax
|
0-0: SINGLE (Line Drive, 4D, EV 99.4 MPH) Willie Cardamone to second
|
|
Pinch Hitting: LHB Matt Sigurdson
|
0-0: Fly out, F8 (Flyball, 89M, EV 88.8 MPH)
|
|
Batting: LHB Andy Arbuckle
|
0-0: Ball 1-0: Swinging Strike 1-1: Ball 2-1: Ground out 4-3 (Groundball, 4, EV 86.3 MPH)
|
| Bottom of the 7th over - 1 run, 2 hits, 1 error, 2 left on base; Atlanta 3 - Cincinnati 10 |
| TOP OF THE 8TH |
|
Atlanta Braves batting - Pitching for Cincinnati Reds : RHP Westin Silveira
|
|
Now at 3B: Matt Sigurdson
|
|
|
Now at SS: Casey Truax
|
|
|
Now in CF: Willie Cardamone
|
|
|
Now in RF: Randy Racine
|
|
|
Pinch Hitting: RHB Itsuo Egami
|
0-0: Ball 1-0: Swinging Strike 1-1: Foul Ball, location: 2F 1-2: Ground out 6-3 (Groundball, 6, EV 88.8 MPH)
|
|
Batting: RHB Jesse Lester
|
0-0: Called Strike 0-1: Ball 1-1: Fly out, F3 (Popup, 3SF, EV 75.6 MPH)
|
|
Batting: RHB Butch Kaiser
|
0-0: Ball 1-0: Swinging Strike 1-1: SINGLE (Flyball, 78S, EV 89.4 MPH)
|
|
Batting: RHB John Creel
|
0-0: Ball 1-0: Foul Ball, location: 2F 1-1: Ball 2-1: Swinging Strike 2-2: Foul Ball, location: 2F 2-2: 2-RUN HOME RUN (Flyball, 9D, EV 95.0 MPH), Distance : 382 ft
|
|
Pinch Hitting: LHB Otte Klijnsma
|
0-0: Ground out U3 (Groundball, 34S, EV 82.5 MPH)
|
| Top of the 8th over - 2 runs, 2 hits, 0 errors, 0 left on base; Atlanta 5 - Cincinnati 10 |
| BOTTOM OF THE 8TH |
|
Cincinnati Reds batting - Pitching for Atlanta Braves : RHP Brent Garland
|
|
Now at SS: Itsuo Egami
|
|
|
Now in LF: Otte Klijnsma
|
|
|
Batting: RHB Fred Slade
|
0-0: Called Strike 0-1: Fly out, F7 (Flyball, 78XD, EV 98.8 MPH)
|
|
Batting: RHB Tom Beckman
|
0-0: Called Strike 0-1: Ball 1-1: Ground out 2-3 (Groundball, 13S, EV 66.3 MPH)
|
|
Batting: LHB Sean Geisler
|
0-0: Called Strike 0-1: Ball 1-1: Swinging Strike 1-2: Strikes out swinging
|
| Bottom of the 8th over - 0 runs, 0 hits, 0 errors, 0 left on base; Atlanta 5 - Cincinnati 10 |
| TOP OF THE 9TH |
|
Atlanta Braves batting - Pitching for Cincinnati Reds : RHP Westin Silveira
|
|
Batting: LHB Davey Schonewille
|
0-0: Foul Ball, location: 2F 0-1: Swinging Strike 0-2: Ball 1-2: Strikes out swinging
|
|
Batting: RHB Zach Thomason
|
0-0: Swinging Strike 0-1: Called Strike 0-2: Ball 1-2: Ball 2-2: Foul Ball, location: 2F 2-2: Strikes out looking
|
|
Batting: LHB Tom Best
|
0-0: Called Strike 0-1: Foul Ball, location: 2F 0-2: Ball 1-2: Strikes out swinging
|
| Top of the 9th over - 0 runs, 0 hits, 0 errors, 0 left on base; Atlanta 5 - Cincinnati 10 |
|